 Dungeon Crawl Stone Soup version 0.20-a0-214-gb74cb0e (webtiles) character file.

71 kuniqs the Shield-Bearer (level 4, 0/35 HPs)
             Began as a Demonspawn Fighter on Nov 27, 2016.
             Succumbed to an adder's poison
             ... on level 3 of the Dungeon.
             The game lasted 00:03:00 (1267 turns).

kuniqs the Shield-Bearer (Demonspawn Fighter)       Turns: 1267, Time: 00:03:01

Health: 0/35       AC:  3    Str: 21    XL:     4   Next: 5%
Magic:  4/4        EV:  8    Int: 10    God:
Gold:   157        SH:  9    Dex: 13    Spells: 3/3 levels left

rFire  . . .     SeeInvis .     a - +0 long sword
rCold  . . .     Gourm    .     l - +0 leather armour
rNeg   . . .     Faith    .     c - +0 shield
rPois  .         Spirit   .     (no helmet)
rElec  .         Reflect  .     (no cloak)
rCorr  .         Harm     .     (no gloves)
MR     .....                    (no boots)
Stlth  +.........               (no amulet)
                                (no ring)
                                (no ring)

@: mighty, lethally poisoned (0 -> -9), hasted, very quick
A: hooves 1, powered by death 1
a: no special abilities


You were on level 3 of the Dungeon.
You were not hungry.

You visited 1 branch of the dungeon, and saw 3 of its levels.

You collected 157 gold pieces.

Inventory:

Hand Weapons
 a - a +0 long sword (weapon)
Armour
 c - a +0 shield (worn)
 l - a +0 leather armour (worn)
Scrolls
 g - a scroll of magic mapping {unknown}
 h - a scroll of recharging {unknown}
 i - a scroll of identify {unknown}
 j - a scroll of amnesia {unknown}
 m - 2 scrolls of remove curse {unknown}
 n - a scroll of immolation {unknown}
Potions
 e - a potion of flight {unknown}
 k - a potion of degeneration {unknown}
 o - a potion of cancellation {unknown}
 p - a potion of haste
Comestibles
 b - 7 chunks of flesh
 d - 2 bread rations


   Skills:
 - Level 3.0 Fighting
 + Level 3.0 Long Blades
 - Level 2.6 Armour
 + Level 3.7 Shields


You had 3 spell levels left.
You didn't know any spells.

Dungeon Overview and Level Annotations

Branches:
Dungeon (3/15)

Altars:

Portals:
Sewer: D:3

Annotations:
D:3 Ijyb, Terence


Innate Abilities, Weirdness & Mutations

You have large cloven feet.
You regenerate a little health from kills.


Message History

You see here an adder corpse.
You butcher the adder corpse.
b - 7 chunks of flesh (gained 2)
You hear the rapid rusting of a drain.
An adder and a worm come into view.
The adder hisses angrily.
The adder closely misses you. You block the adder's attack.
Found a glowing drain.
You slash the worm! You block the adder's attack. The adder bites you.
* * * LOW HITPOINT WARNING * * *
You are poisoned.
The adder poisons you!
You feel sick. You block the adder's attack.
You miss the adder. Your kick misses the adder.
You feel sick. The adder bites you.
* * * LOW HITPOINT WARNING * * *
You are more poisoned.
The adder poisons you! The adder barely misses you.
It was a potion of haste.
You feel yourself speed up.
You die...

.#####...###.##.### #.#...#
........##≈######≈##..#...#
.#####..#≈≈≈≈≈≈≈≈≈≈#.##...##
####≈≈≈####≈≈≈#.##.....
##≈##≈≈##≈##.....### #≈#
∩≈≈#≈#......... #≈#
≈≈≈#≈#..##..##.
##≈##≈≈##≈#####..##.
#≈≈@#≈≈#≈≈≈#........
#≈≈≈S≈≈#≈≈≈####..##.
##≈######÷### #.....
###....#.#.###.###<
#............ #..#####.###.
#..# #.# #. ..... ... ..
#.#... #.###.


You could see an adder.

Vanquished Creatures
  3 adders
  An ooze (D:1)
  4 worms
  2 leopard geckos
  A giant cockroach (D:1)
  3 goblins
  3 hobgoblins
  3 jackals (D:1)
  2 kobolds
  2 bats (D:1)
  A frilled lizard (D:1)
  2 rats
27 creatures vanquished.

Notes
Turn   | Place    | Note
-------+----------+-------------------------------------------
     0 | D:1      | kuniqs the Demonspawn Fighter began the quest for the Orb.
     0 | D:1      | Reached XP level 1. HP: 18/18 MP: 1/1
   230 | D:1      | Gained mutation: You regenerate a little health from kills. [demonic ancestry]
   230 | D:1      | Reached XP level 2. HP: 19/24 MP: 2/2
   624 | D:2      | Reached XP level 3. HP: 25/29 MP: 3/3
   750 | D:3      | Noticed Terence
  1063 | D:3      | Noticed Ijyb
  1253 | D:3      | Gained mutation: You have large cloven feet. [demonic ancestry]
  1253 | D:3      | Reached XP level 4. HP: 7/35 MP: 4/4
  1263 | D:3      | Found a glowing drain.
  1266 | D:3      | HP: 1/35 [adder (5)]
  1267 | D:3      | Succumbed to an adder's poison

Vault maps used:
D:1:      dpeg_arrival_radiant, minmay_misc_feat_doors
D:2:      first_bread, kennysheep_generic_room_12
D:3:      gup_sewer_entry_bubbles, corner_web_ring, chequers_big_river,
          uniq_terence, uniq_crazy_yiuf_cottage, uniq_iyjb

Skill      XL: |  1  2  3 |
---------------+----------+-----
Long Blades    | 2 3 |  3.0
Shields        | 3 |  3.7
Fighting       | |  3.0
Armour         | |  2.6

Action                   |  1- 3 |  4- 6 || total
-------------------------+-------+-------++-------
Melee: Long sword        |   116 |     2 ||   118
  Use: Potion            |     1 |     1 ||     2
  Eat: Chunk             |     1 |       ||     1
Armor: Scale mail        |    27 |       ||    27
       Leather armour    |     8 |       ||     8
Dodge: Dodged            |    54 |     2 ||    56
Block: Shield            |    68 |     3 ||    71
       Rpst.: Long sword |    10 |       ||    10
